[Event "10th Cesme Open-A 2024"]
[Site "Cesme"]
[Date "2024.06.27"]
[Round "6"]
[White "Ozcan, Kaan"]
[Black "Rasulov, Vugar"]
[Result "0-1"]
[ECO "A50"]
[WhiteElo "2227"]
[BlackElo "2557"]
[Annotator "TA"]
[PlyCount "98"]
[EventDate "2024.06.23"]
[EventType "swiss"]
[EventCountry "TUR"]
[SourceTitle "playchess.com"]
[Source "ChessBase"]
[SourceQuality "1"]
[TimeControl "5400+30"]

1. d4 Nf6 2. c4 Nc6 3. Nc3 e5 4. d5 Ne7 5. Nf3 Ng6 6. h4 {[%emt 0:04:30][%cal Bh2h4,Bh4h5,Bh5h6][%mdl 32] Black must now prevent h5.} d6 7. Qc2 (7. h5 $16 Nf4 8. h6) 7... Be7 $14 8. h5 {[%emt 0:08:30] White is slightly better.} Nf8 9. h6 g6 10. e4 N8d7 11. Be2 O-O 12. Bd2 a5 13. O-O-O Nc5 14. Ne1 c6 15. dxc6 (15. Be3 $11) 15... bxc6 $15 16. Be3 {[%emt 0:00:30] [#] Threatens to win with Bxc5.} Ne6 17. c5 {[%emt 0:07:30] White is now going downhill.} d5 $17 18. exd5 (18. Bc4 $17 d4 (18... Nxc5 19. exd5 Qc7 20. dxc6 $11) 19. Na4) 18... cxd5 $19 (18... Nxd5 19. Nf3 $11) 19. Bf3 Bb7 (19... Nxc5 20. Nxd5 Nxd5 21. Rxd5 $16 (21. Bxc5 $2 Bg5+ 22. Kb1 Bf5 $19) (21. Bxd5 Bf5 $17)) 20. g4 (20. Kb1 {might work better.}) 20... Bxc5 ({Less strong is} 20... Nxc5 21. g5 Nfe4 (21... Nfd7 22. Bxd5 Bxg5 23. Bxb7 $14) 22. Bxc5 Nxc5 23. Bxd5 $15) 21. Bxc5 Nxc5 22. Kb1 Ne6 23. Qe2 Qb8 24. g5 d4 ({Much less strong is} 24... Nxg5 25. Nxd5 Nxd5 26. Bxd5 $19) 25. Bxb7 Qxb7 26. Qf3 Rfb8 27. Qxb7 Rxb7 28. gxf6 dxc3 29. b3 a4 30. Nf3 axb3 31. axb3 Rxb3+ 32. Kc2 Rb2+ 33. Kxc3 Rxf2 34. Nxe5 Rc8+ ({Don't take} 34... Rf5 35. Rhe1 $19) 35. Kd3 Rxf6 36. Rdf1 (36. Nd7 $142 Rf5 37. Ke3) 36... Nc5+ 37. Ke3 Re6 38. Kf4 Rce8 39. Ng4 (39. Nf3) 39... Ne4 40. Ra1 (40. Rh2 $142) 40... g5+ 41. Kf3 f5 42. Nf2 Nxf2 43. Kxf2 {[%emt 0:00:30][%mdl 4096] Endgame. KRR-KRR} Kf7 (43... Re2+ $142 44. Kf1 Kf7) 44. Ra2 Kg6 45. Rb1 Kxh6 46. Rb7 Kg6 47. Raa7 h6 48. Rg7+ Kh5 {[%emt 0:00:00] [#] ( -> ...Re2+)} 49. Ra3 Re2+ {[%emt 0:00:30] Weighted Error Value: White=0.70/Black=0.42.  Mistake:       	White=8     	---        Inaccurate:     	White=5     	Black=2      OK:         	White=10    	Black=17     Best:        	White=4     	Black=3} 0-1

[Event "10th Cesme Open-A 2024"]
[Site "Cesme"]
[Date "2024.06.27"]
[Round "6"]
[White "Kirilmaz, Emre"]
[Black "Kilic, Eray"]
[Result "1/2-1/2"]
[ECO "D03"]
[WhiteElo "2195"]
[BlackElo "2443"]
[Annotator "TA"]
[PlyCount "20"]
[EventDate "2024.06.23"]
[EventType "swiss"]
[EventCountry "TUR"]
[SourceTitle "playchess.com"]
[Source "ChessBase"]
[SourceQuality "1"]
[TimeControl "5400+30"]

1. d4 Nf6 2. Bg5 d5 3. e3 c5 4. c3 e6 5. Nd2 Nc6 6. Ngf3 h6 7. Bh4 Qb6 8. Rb1 Be7 9. Bd3 O-O 10. O-O Re8 {[%emt 0:01:30] Black got outplayed after the opening.   Weighted Error Value: White=0.00 (flawless) /Black=0.08 (flawless) .  OK:         	White=3     	---} 1/2-1/2

[Event "10th Cesme Open-A 2024"]
[Site "Cesme"]
[Date "2024.06.27"]
[Round "6"]
[White "Jafarli, Babak"]
[Black "Anacak, Hasan Gunes"]
[Result "1/2-1/2"]
[ECO "B52"]
[WhiteElo "2192"]
[BlackElo "2095"]
[Annotator "RC"]
[PlyCount "102"]
[EventDate "2024.06.23"]
[EventType "swiss"]
[EventCountry "TUR"]
[SourceTitle "playchess.com"]
[Source "ChessBase"]
[SourceQuality "1"]
[TimeControl "5400+30"]

1. e4 c5 2. Nf3 d6 3. Bb5+ Bd7 4. Bxd7+ Nxd7 5. O-O Ngf6 6. Qe2 e6 7. c3 Be7 8. d4 O-O 9. Bg5 h6 10. Bh4 cxd4 11. cxd4 d5 12. e5 Ne4 13. Bxe7 Qxe7 14. Nbd2 Nxd2 15. Qxd2 Nb6 16. b3 Rac8 17. Ne1 Rc6 18. f4 Rfc8 19. f5 exf5 20. Rxf5 Nd7 21. Nd3 Rc2 22. Qe1 Qe6 23. Rf2 Qb6 24. Qe3 R8c3 25. Rxc2 Rxc2 26. Ne1 Rc6 27. Rd1 Nf8 28. Nf3 Rc2 29. Rd2 Rc1+ 30. Kf2 Ne6 31. g3 Qb4 32. Kg2 Rc3 33. Qf2 Qb6 34. h4 Qc7 35. Ne1 b6 36. Nc2 a5 37. Ne3 Qd7 38. Kh2 b5 39. Nf5 b4 40. Qe2 Kh7 41. Qg4 g6 42. Nd6 h5 43. Qe2 Ng7 44. Qg2 Nf5 45. Nxf5 Qxf5 46. Rf2 Qd7 47. Rf6 Rc6 48. Rf2 Kg8 49. Qf3 Rc7 50. Qf6 Rc6 51. Qg5 Kg7 1/2-1/2

[Event "10th Cesme Open-A 2024"]
[Site "Cesme"]
[Date "2024.06.27"]
[Round "6"]
[White "Selbes, Tamer Tarik"]
[Black "Pereverzev, Timofei"]
[Result "1-0"]
[ECO "B23"]
[WhiteElo "2183"]
[BlackElo "2019"]
[Annotator "RC"]
[PlyCount "51"]
[EventDate "2024.06.23"]
[EventType "swiss"]
[EventCountry "TUR"]
[SourceTitle "playchess.com"]
[Source "ChessBase"]
[SourceQuality "1"]
[TimeControl "5400+30"]

1. e4 c5 2. Nc3 g6 3. d4 cxd4 4. Qxd4 f6 5. Be3 Nc6 6. Qd2 e6 7. O-O-O Bb4 8. a3 Bxc3 9. Qxc3 b6 10. Nf3 Bb7 11. Bc4 Qc7 12. Nd4 Nxd4 13. Rxd4 O-O-O 14. Rhd1 Ne7 15. Rxd7 Rxd7 16. Rxd7 Kxd7 17. Bxe6+ Kd8 18. Qxf6 Re8 19. Qd4+ Bd5 20. exd5 Qd6 21. Bf4 Qc5 22. Qxc5 bxc5 23. d6 Rh8 24. Bg5 Ke8 25. Bxe7 h6 26. Bf6 1-0

[Event "10th Cesme Open-A 2024"]
[Site "Cesme"]
[Date "2024.06.27"]
[Round "6"]
[White "Ozkan, Ervin"]
[Black "Yildiz, Serdar Murat"]
[Result "1/2-1/2"]
[ECO "A48"]
[WhiteElo "2147"]
[BlackElo "2026"]
[Annotator "RC"]
[PlyCount "87"]
[EventDate "2024.06.23"]
[EventType "swiss"]
[EventCountry "TUR"]
[SourceTitle "playchess.com"]
[Source "ChessBase"]
[SourceQuality "1"]
[TimeControl "5400+30"]

1. d4 Nf6 2. Bf4 g6 3. e3 Bg7 4. Nf3 O-O 5. Be2 b6 6. O-O Bb7 7. h3 d6 8. c4 Nbd7 9. Bh2 Ne4 10. Nfd2 Nxd2 11. Qxd2 e5 12. Nc3 Qg5 13. d5 f5 14. Nb5 Qd8 15. b4 a6 16. Nc3 Qe7 17. Rac1 a5 18. a3 axb4 19. axb4 Bh6 20. Nb5 Nf6 21. c5 dxc5 22. d6 cxd6 23. Qxd6 Qxd6 24. Nxd6 Bd5 25. bxc5 bxc5 26. Rxc5 f4 27. exf4 exf4 28. Rd1 Be6 29. Re5 Ba2 30. Ra1 Kh8 31. Re7 Bg8 32. Re1 Rad8 33. Ne4 Nd5 34. Rb7 Rfe8 35. f3 Bg7 36. Bc4 Be5 37. Kh1 Ne3 38. Bxg8 Kxg8 39. Bxf4 Bxf4 40. Nf6+ Kf8 41. Nxh7+ Kg8 42. Nf6+ Kf8 43. Nh7+ Kg8 44. Nf6+ 1/2-1/2

[Event "10th Cesme Open-A 2024"]
[Site "Cesme"]
[Date "2024.06.27"]
[Round "6"]
[White "Zakirov, Musa"]
[Black "Haznedaroglu, Kivanc"]
[Result "1-0"]
[ECO "B32"]
[WhiteElo "2112"]
[BlackElo "2359"]
[Annotator "RC"]
[PlyCount "76"]
[EventDate "2024.06.23"]
[EventType "swiss"]
[EventCountry "TUR"]
[SourceTitle "playchess.com"]
[Source "ChessBase"]
[SourceQuality "1"]
[TimeControl "5400+30"]

1. e4 c5 2. Nf3 Nc6 3. d4 cxd4 4. Nxd4 Qb6 5. Nb3 Nf6 6. Bd3 e6 7. O-O Be7 8. c4 d6 9. Nc3 O-O 10. Be3 Qc7 11. Rc1 Ne5 12. Be2 b6 13. f4 Ned7 14. Nd4 Bb7 15. Bf3 Rfe8 16. b3 Rac8 17. Qc2 Qb8 18. g4 Nc5 19. g5 Nfd7 20. Bg2 Bf8 21. Rce1 e5 22. Nf5 exf4 23. Bxf4 Ne6 24. Bg3 Ne5 25. Qd2 a6 26. h4 Bc6 27. Rd1 Rcd8 28. Nd5 b5 29. Qf2 Qb7 30. Nh6+ gxh6 31. Nf6+ Kh8 32. Bxe5 dxe5 33. Qf5 Bc5+ 34. Kh2 Nf8 35. Nxe8 Rxe8 36. Qf6+ Kg8 37. gxh6 Ne6 38. Bh3 Bxe4 1-0

[Event "10th Cesme Open-A 2024"]
[Site "Cesme"]
[Date "2024.06.27"]
[Round "6"]
[White "Isgenderova, Hayale"]
[Black "Ozen, Metehan"]
[Result "1-0"]
[ECO "C54"]
[WhiteElo "2103"]
[BlackElo "2160"]
[Annotator "RC"]
[PlyCount "73"]
[EventDate "2024.06.23"]
[EventType "swiss"]
[EventCountry "TUR"]
[SourceTitle "playchess.com"]
[Source "ChessBase"]
[SourceQuality "1"]
[TimeControl "5400+30"]

1. e4 e5 2. Nf3 Nc6 3. Bc4 Nf6 4. d3 Bc5 5. c3 a6 6. Nbd2 Ba7 7. Bb3 O-O 8. O-O d6 9. h3 h6 10. Re1 Re8 11. Nf1 Be6 12. Bc2 d5 13. exd5 Nxd5 14. Ng3 Qd6 15. Nh4 Qd7 16. Qf3 Bc5 17. Nhf5 Bf8 18. Re4 Nde7 19. Nxh6+ gxh6 20. Nh5 Ng6 21. Nf6+ Kg7 22. Nxd7 Bxd7 23. Bxh6+ Kg8 24. Bg5 Nd8 25. Qh5 Ne6 26. d4 Ng7 27. Qe2 exd4 28. cxd4 Ne6 29. Qd2 Bg7 30. d5 Nef8 31. Rae1 Rxe4 32. Bxe4 Re8 33. h4 f6 34. h5 fxg5 35. hxg6 Re5 36. d6 c6 37. Bc2 1-0

[Event "10th Cesme Open-A 2024"]
[Site "Cesme"]
[Date "2024.06.27"]
[Round "6"]
[White "Kavri, Yusuf Eren"]
[Black "Karaoglan, Kivanc"]
[Result "0-1"]
[ECO "E43"]
[WhiteElo "2059"]
[BlackElo "2274"]
[Annotator "RC"]
[PlyCount "102"]
[EventDate "2024.06.23"]
[EventType "swiss"]
[EventCountry "TUR"]
[SourceTitle "playchess.com"]
[Source "ChessBase"]
[SourceQuality "1"]
[TimeControl "5400+30"]

1. d4 Nf6 2. c4 e6 3. Nc3 Bb4 4. Nf3 b6 5. e3 Bb7 6. Bd3 Ne4 7. Qc2 f5 8. O-O Bxc3 9. bxc3 O-O 10. Nd2 Nxd2 11. Bxd2 d6 12. e4 Qf6 13. Rae1 Nd7 14. f4 Qg6 15. Rf3 fxe4 16. Bxe4 Bxe4 17. Qxe4 Qxe4 18. Rxe4 Rae8 19. h3 Rf5 20. d5 Nf6 21. Re1 h5 22. dxe6 Rc5 23. f5 Rxc4 24. Rf4 Rxf4 25. Bxf4 g6 26. fxg6 Kg7 27. Bg3 Kxg6 28. Bh4 Nd5 29. c4 Ne7 30. Bxe7 Rxe7 31. Kf2 Kf6 32. Kg3 Rxe6 33. Rxe6+ Kxe6 34. Kh4 c5 35. Kxh5 b5 36. Kg4 bxc4 37. Kf3 c3 38. Ke2 d5 39. h4 Kf5 40. h5 Kg5 41. g4 d4 42. Kd3 c4+ 43. Kc2 Kh6 44. a4 a5 45. Kc1 d3 46. Kd1 c2+ 47. Kd2 Kg5 48. Kc1 c3 49. h6 Kxh6 50. g5+ Kg7 51. g6 d2+ 0-1

[Event "10th Cesme Open-A 2024"]
[Site "Cesme"]
[Date "2024.06.27"]
[Round "6"]
[White "Demirtas, Alper"]
[Black "Bolat, Inayat"]
[Result "0-1"]
[ECO "E65"]
[WhiteElo "2057"]
[BlackElo "2232"]
[Annotator "RC"]
[PlyCount "114"]
[EventDate "2024.06.23"]
[EventType "swiss"]
[EventCountry "TUR"]
[SourceTitle "playchess.com"]
[Source "ChessBase"]
[SourceQuality "1"]
[TimeControl "5400+30"]

1. Nf3 Nf6 2. c4 g6 3. g3 Bg7 4. Bg2 O-O 5. O-O c5 6. d4 d6 7. Nc3 Nc6 8. dxc5 dxc5 9. Be3 Be6 10. Qa4 Nd4 11. Rad1 Bd7 12. Qa3 Nc2 13. Qb3 Nxe3 14. fxe3 Qc7 15. Ng5 Qe5 16. Nd5 Nxd5 17. Rxd5 Qc7 18. Rfd1 Bc6 19. R5d3 Qe5 20. Bxc6 bxc6 21. Nf3 Qe6 22. Qc2 Rab8 23. b3 a5 24. Qd2 a4 25. Qa5 axb3 26. axb3 Qf5 27. Qc7 e5 28. Qxc6 e4 29. Nh4 Qg4 30. R3d2 Bc3 31. Rc2 Rfc8 32. Qd5 Bf6 33. Qd7 Qg5 34. Rf1 Qxe3+ 35. Kh1 Rd8 36. Qc7 Bxh4 37. Qxf7+ Kh8 38. gxh4 Rf8 39. Qxf8+ Rxf8 40. Rxf8+ Kg7 41. Rf1 Qxb3 42. Rfc1 e3 43. Rc3 Qb7+ 44. Kg1 Qe4 45. Rf1 Qg4+ 46. Kh1 Qxe2 47. Rcc1 Qg4 48. h5 e2 49. Rfe1 Qf3+ 50. Kg1 gxh5 51. Ra1 Qe3+ 52. Kh1 Qf2 53. h4 Kf6 54. Rg1 Kf5 55. Rab1 Kf4 56. Rb8 Qxh4+ 57. Kg2 Qg3+ 0-1

[Event "10th Cesme Open-A 2024"]
[Site "Cesme"]
[Date "2024.06.27"]
[Round "6"]
[White "Demirbag, Alihan"]
[Black "Maruflu, Enes Yusuf"]
[Result "1-0"]
[ECO "B56"]
[WhiteElo "2055"]
[BlackElo "2141"]
[Annotator "RC"]
[PlyCount "123"]
[EventDate "2024.06.23"]
[EventType "swiss"]
[EventCountry "TUR"]
[SourceTitle "playchess.com"]
[Source "ChessBase"]
[SourceQuality "1"]
[TimeControl "5400+30"]

1. e4 c5 2. Nf3 d6 3. d4 cxd4 4. Nxd4 Nf6 5. Nc3 Nc6 6. f3 e5 7. Nb3 Be7 8. Be3 Be6 9. Qd2 d5 10. exd5 Nxd5 11. Nxd5 Qxd5 12. O-O-O O-O-O 13. Qxd5 Bxd5 14. Bb5 Kc7 15. f4 Bxg2 16. Rxd8 Rxd8 17. Rg1 Be4 18. Bxc6 Kxc6 19. fxe5 Bg6 20. Na5+ Kc7 21. Nc4 b6 22. Nd6 Kc6 23. a4 Kd5 24. Nb5 Rc8 25. Rg2 Bc5 26. Bf4 Ke4 27. Bd2 Kxe5 28. Bc3+ Kf4 29. Bxg7 a5 30. Nd4 h5 31. Ne6+ fxe6 32. Rxg6 e5 33. Rf6+ Ke3 34. Rf5 e4 35. Kd1 Rd8+ 36. Ke1 Bb4+ 37. c3 Bc5 38. Rxh5 Kd3 39. Rg5 Be7 40. Rg4 Rg8 41. h3 Bd6 42. Rg5 Be5 43. Rxe5 Rxg7 44. Kf2 Rf7+ 45. Ke1 Rf3 46. Rd5+ Ke3 47. Rd6 Rxh3 48. Kd1 Rh1+ 49. Kc2 Rh2+ 50. Kb3 Kf4 51. Rxb6 e3 52. Re6 e2 53. Kc4 Kf5 54. Re8 Kf6 55. b4 Kf5 56. b5 Rh4+ 57. Kd5 Rxa4 58. Rxe2 Ra1 59. Rf2+ Kg4 60. c4 a4 61. Kc6 a3 62. c5 1-0

[Event "10th Cesme Open-A 2024"]
[Site "Cesme"]
[Date "2024.06.27"]
[Round "6"]
[White "Zerey, Demhat"]
[Black "Ozsakallioglu, Okan"]
[Result "1-0"]
[ECO "B13"]
[WhiteElo "2038"]
[BlackElo "2402"]
[Annotator "RC"]
[PlyCount "119"]
[EventDate "2024.06.23"]
[EventType "swiss"]
[EventCountry "TUR"]
[SourceTitle "playchess.com"]
[Source "ChessBase"]
[SourceQuality "1"]
[TimeControl "5400+30"]

1. d4 d5 2. Bf4 c5 3. e3 Nc6 4. Nf3 cxd4 5. exd4 Bf5 6. Nbd2 e6 7. c3 Bd6 8. Bxd6 Qxd6 9. Bb5 Nge7 10. O-O h6 11. Re1 O-O 12. Nb3 a6 13. Bxc6 Nxc6 14. a4 a5 15. Qe2 b6 16. Rac1 Ne7 17. Nbd2 Qd7 18. b3 Rfc8 19. h3 Rab8 20. c4 dxc4 21. Nxc4 Nd5 22. Nfe5 Qe7 23. Qd2 Bh7 24. Ne3 Nb4 25. Rxc8+ Rxc8 26. Rc1 Rb8 27. Qc3 Be4 28. Qc7 Qxc7 29. Rxc7 f6 30. Nd7 Rd8 31. Nxb6 Rxd4 32. Nbc4 Nc2 33. Nxc2 Bxc2 34. Nxa5 Rd1+ 35. Kh2 Rd2 36. f3 Bd1 37. Rc3 Rb2 38. Kg1 e5 39. Kf1 Bc2 40. Ke1 Bf5 41. Nc4 Rb1+ 42. Ke2 Be6 43. Nd2 Rg1 44. Kf2 Rd1 45. Ne4 Bd5 46. Nc5 Rd2+ 47. Kf1 Kf7 48. b4 Rb2 49. Nd3 Ra2 50. a5 Ke6 51. Nc5+ Kd6 52. Ne4+ Ke6 53. Rc8 f5 54. Nc3 Rc2 55. a6 Kd7 56. Rc5 Bc6 57. a7 Ba8 58. b5 e4 59. fxe4 fxe4 60. b6 1-0

[Event "10th Cesme Open-A 2024"]
[Site "Cesme"]
[Date "2024.06.27"]
[Round "6"]
[White "Demirbas, Emre"]
[Black "Baylav, Can"]
[Result "1/2-1/2"]
[ECO "A05"]
[WhiteElo "2012"]
[BlackElo "2118"]
[Annotator "RC"]
[PlyCount "149"]
[EventDate "2024.06.23"]
[EventType "swiss"]
[EventCountry "TUR"]
[SourceTitle "playchess.com"]
[Source "ChessBase"]
[SourceQuality "1"]
[TimeControl "5400+30"]

1. Nf3 d5 2. g3 Nf6 3. Bg2 g6 4. b3 Bg7 5. Bb2 c5 6. O-O O-O 7. c4 d4 8. e3 Nc6 9. exd4 cxd4 10. d3 Nd7 11. Re1 Re8 12. a3 a5 13. Nbd2 Nc5 14. Ne4 Nxe4 15. Rxe4 Bf5 16. Re1 e5 17. Qc2 Be6 18. Bc1 h6 19. Rb1 f5 20. Nd2 e4 21. dxe4 d3 22. Qd1 Nd4 23. e5 Ne2+ 24. Rxe2 dxe2 25. Qxe2 Qc7 26. f4 Bf8 27. h4 Bc5+ 28. Kh2 Rad8 29. Nf3 Qe7 30. h5 gxh5 31. Nh4 Qf7 32. Bf3 Re7 33. Bxh5 Qg7 34. b4 axb4 35. axb4 Bd4 36. Bg6 Rc7 37. c5 Ra8 38. Bxf5 Ba2 39. Bb2 Bxb1 40. Qc4+ Rf7 41. Bxd4 Ba2 42. Qc3 Qf8 43. Ng6 Qe8 44. g4 Be6 45. Nh4 Ra2+ 46. Kg3 Bxf5 47. Nxf5 Qe6 48. Ne3 h5 49. f5 h4+ 50. Kxh4 Qh6+ 51. Kg3 Qh2+ 52. Kf3 Qh1+ 53. Kg3 Qh2+ 54. Kf3 Rf2+ 55. Ke4 Rf4+ 56. Kd3 Rd7 57. Qb3+ Kf8 58. Nd5 Qh3+ 59. Be3 Qf1+ 60. Kc3 Qa1+ 61. Kc2 Rf1 62. Bh6+ Ke8 63. Nf6+ Kd8 64. Qg8+ Kc7 65. Nd5+ Rxd5 66. Qxd5 Qb1+ 67. Kc3 Qa1+ 68. Kc2 Qa4+ 69. Kc3 Rd1 70. Bd2 Qa1+ 71. Kd3 Qb1+ 72. Ke2 Rh1 73. Qd6+ Kc8 74. Qf8+ Kc7 75. Qd6+ 1/2-1/2

[Event "10th Cesme Open-A 2024"]
[Site "Cesme"]
[Date "2024.06.27"]
[Round "6"]
[White "Nazarian, Arash"]
[Black "Ozdemir, Serhan Berat"]
[Result "0-1"]
[ECO "B80"]
[WhiteElo "2007"]
[BlackElo "2225"]
[Annotator "RC"]
[PlyCount "60"]
[EventDate "2024.06.23"]
[EventType "swiss"]
[EventCountry "TUR"]
[SourceTitle "playchess.com"]
[Source "ChessBase"]
[SourceQuality "1"]
[TimeControl "5400+30"]

1. e4 c5 2. Nf3 e6 3. g3 a6 4. Bg2 Nc6 5. O-O d6 6. d4 cxd4 7. Nxd4 Bd7 8. Nc3 Nf6 9. Be3 Be7 10. Nxc6 Bxc6 11. Qe2 Rc8 12. Rad1 Qc7 13. f4 b5 14. a3 Qb7 15. Bd4 O-O 16. g4 Nd7 17. f5 Ne5 18. h3 a5 19. b4 axb4 20. axb4 Bd7 21. Nb1 Rfe8 22. Qf2 Bf6 23. c3 exf5 24. exf5 Bc6 25. Bxc6 Qxc6 26. Qg3 Bd8 27. g5 Ra8 28. f6 Ra2 29. fxg7 Bxg5 30. Rf5 Bh4 0-1